HSSL
OTSEGO HS BULLDOGS @ TEMISKAMING DISTRICT SECONDARY SCHOOL SAINTS
04/28/2027
 
TOP OF THE 1ST
Otsego HS Bulldogs batting - Pitching for Temiskaming District Secondary School Saints : RHP Tony Parker
Pitching: RHP Tony Parker
Batting: RHB Tommy Miller 0-0: Called Strike
0-1: Foul Ball, location: 2F
0-2: Ball
1-2: Ground out 5-3 (Groundball, 5)
Batting: LHB Dave Wilkinson 0-0: Foul Ball, location: 2F
0-1: Called Strike
0-2: Strikes out looking
Batting: RHB Robbie Barnes 0-0: Ball
1-0: Called Strike
1-1: Foul Ball, location: 2F
1-2: Foul Ball, location: 2F
1-2: Ground out 5-3 (Groundball, 56)
Top of the 1st over - 0 run(s), 0 hit(s), 0 error(s), 0 left on base; Otsego HS 0 - Temiskaming District Secondary School 0
BOTTOM OF THE 1ST
Temiskaming District Secondary School Saints batting - Pitching for Otsego HS Bulldogs : RHP Kelly Hicks
Pitching: RHP Kelly Hicks
Batting: RHB José Icaza 0-0: Called Strike
0-1: Ball
1-1: Swinging Strike
1-2: Ball
2-2: Foul Ball, location: 2F
2-2: Strikes out looking
Batting: RHB Beau McNeill 0-0: Ball
1-0: Ball
2-0: Ball
3-0: Called Strike
3-1: Foul Ball, location: 2F
3-2: SINGLE (Groundball, 56) (infield hit)
Batting: LHB Leonardo Torres 0-0: SINGLE (Groundball, 4MD)
Beau McNeill to second
Runner from 2nd tries for 3rd, SAFE, throw made to third
Batting: SHB Eric Silva 0-0: Called Strike
0-1: Ball
1-1: Ball
2-1: Swinging Strike
2-2: Foul Ball, location: 2F
2-2: Strikes out swinging
Batting: RHB Louis-Joseph Perrier 0-0: Called Strike
0-1: Ball
1-1: Foul Ball, location: 2F
1-2: Ball
2-2: Ball
3-2: Fly out, F8 (Flyball, 8RD)
Bottom of the 1st over - 0 run(s), 2 hit(s), 0 error(s), 2 left on base; Otsego HS 0 - Temiskaming District Secondary School 0
TOP OF THE 2ND
Otsego HS Bulldogs batting - Pitching for Temiskaming District Secondary School Saints : RHP Tony Parker
Batting: RHB Sam Elder 0-0: Called Strike
0-1: Ball
1-1: SINGLE (Line Drive, 56D)
Batting: LHB Bill Poe 0-0: Called Strike
0-1: Swinging Strike
0-2: Strikes out swinging
Batting: RHB Tim Anderson 0-0: Called Strike
0-1: Ball
1-1: Ball
2-1: Fly out, F4 (Popup, 34D)
Batting: RHB Pedro Ayala 0-0: Called Strike
0-1: Ball
1-1: Foul Ball, location: 2F
1-2: Foul Ball, location: 2F
1-2: Strikes out swinging
Top of the 2nd over - 0 run(s), 1 hit(s), 0 error(s), 1 left on base; Otsego HS 0 - Temiskaming District Secondary School 0
BOTTOM OF THE 2ND
Temiskaming District Secondary School Saints batting - Pitching for Otsego HS Bulldogs : RHP Kelly Hicks
Batting: LHB Carlos Músquez 0-0: Ball
1-0: Ball
2-0: Reached on error, E4 (Groundball, 4)
Batting: RHB Walt Miller 0-0: Called Strike
0-1: Swinging Strike
0-2: Ball
1-2: Ball
2-2: Ball
3-2: Ground out 5-3 (Groundball, 56)
Batting: RHB John Weber 0-0: Called Strike
0-1: Swinging Strike
0-2: Ball
1-2: Fly out, F9 (Flyball, 9)
Batting: LHB Kevin McGee 0-0: Ball
1-0: Ball
2-0: SINGLE (Line Drive, 4M)
Carlos Músquez to third
Runner from 3rd tries for Home, SAFE, no throw
Batting: RHB José Icaza 0-0: Ball
Kevin McGee is caught stealing 2nd base
Bottom of the 2nd over - 1 run(s), 1 hit(s), 1 error(s), 0 left on base; Otsego HS 0 - Temiskaming District Secondary School 1
TOP OF THE 3RD
Otsego HS Bulldogs batting - Pitching for Temiskaming District Secondary School Saints : RHP Tony Parker
Batting: RHB Michael Carr 0-0: Ball
1-0: Swinging Strike
1-1: Called Strike
1-2: Foul Ball, location: 2F
1-2: Ball
2-2: Fly out, F8 (Flyball, 8RD)
Batting: RHB Dan Miller 0-0: Called Strike
0-1: Ball
1-1: Foul Ball, location: 2F
1-2: Ball
2-2: Fly out, F9 (Flyball, 9)
Batting: RHB Tommy Miller 0-0: Ball
1-0: Called Strike
1-1: Swinging Strike
1-2: Strikes out swinging
Top of the 3rd over - 0 run(s), 0 hit(s), 0 error(s), 0 left on base; Otsego HS 0 - Temiskaming District Secondary School 1
BOTTOM OF THE 3RD
Temiskaming District Secondary School Saints batting - Pitching for Otsego HS Bulldogs : RHP Kelly Hicks
Batting: RHB José Icaza 0-0: Called Strike
0-1: Ball
1-1: Ball
2-1: Ball
3-1: Base on Balls
Batting: RHB Beau McNeill 0-0: Called Strike
0-1: Ball
José Icaza is caught stealing 2nd base
1-1: Called Strike
1-2: Ball
2-2: Ball
3-2: Fly out, F8 (Flyball, 8LM)
Batting: LHB Leonardo Torres 0-0: Called Strike
0-1: Foul Ball, location: 2F
0-2: Foul Ball, location: 2F
0-2: Ball
1-2: Ball
2-2: Ball
3-2: Foul Ball, location: 2F
3-2: Foul Ball, location: 2F
3-2: Fly out, F1 (Popup, P)
Bottom of the 3rd over - 0 run(s), 0 hit(s), 0 error(s), 0 left on base; Otsego HS 0 - Temiskaming District Secondary School 1
TOP OF THE 4TH
Otsego HS Bulldogs batting - Pitching for Temiskaming District Secondary School Saints : RHP Tony Parker
Batting: LHB Dave Wilkinson 0-0: SINGLE (Groundball, 4MD)
Batting: RHB Robbie Barnes 0-0: Called Strike
0-1: Ball
1-1: Ball
2-1: Ball
3-1: Fly out, F9 (Line Drive, 9)
Batting: RHB Sam Elder 0-0: Fly out, F7 (Flyball, 7)
Batting: LHB Bill Poe 0-0: Ball
1-0: Called Strike
1-1: Ball
2-1: Foul Ball, location: 2F
2-2: Ground out 4-3 (Groundball, 34)
Top of the 4th over - 0 run(s), 1 hit(s), 0 error(s), 1 left on base; Otsego HS 0 - Temiskaming District Secondary School 1
BOTTOM OF THE 4TH
Temiskaming District Secondary School Saints batting - Pitching for Otsego HS Bulldogs : RHP Kelly Hicks
Batting: SHB Eric Silva 0-0: Foul Ball, location: 2F
0-1: Ball
1-1: Swinging Strike
1-2: Strikes out looking
Batting: RHB Louis-Joseph Perrier 0-0: Called Strike
0-1: Ball
1-1: Ball
2-1: Ball
3-1: Base on Balls
Batting: LHB Carlos Músquez 0-0: Foul Ball, location: 2F
0-1: Ball
1-1: Foul Ball, location: 2F
1-2: Fly out, F6 (Popup, 6)
Batting: RHB Walt Miller 0-0: Called Strike
0-1: Fly out, F9 (Flyball, 9LM)
Bottom of the 4th over - 0 run(s), 0 hit(s), 0 error(s), 1 left on base; Otsego HS 0 - Temiskaming District Secondary School 1
TOP OF THE 5TH
Otsego HS Bulldogs batting - Pitching for Temiskaming District Secondary School Saints : RHP Tony Parker
Batting: RHB Tim Anderson 0-0: Swinging Strike
0-1: Ball
1-1: Foul Ball, location: 2F
1-2: Ball
2-2: Ball
3-2: Base on Balls
Batting: RHB Pedro Ayala 0-0: Ball
1-0: Ball
2-0: SINGLE (Groundball, 6MD)
Tim Anderson to second
Runner from 2nd tries for 3rd, SAFE, throw made to third
Batting: RHB Michael Carr 0-0: Ball
1-0: SINGLE (Line Drive, 7S)
Tim Anderson scores
Pedro Ayala to second
Batting: RHB Dan Miller 0-0: Called Strike
0-1: Ball
1-1: Fly out, F8 (Flyball, 8RD)
Batting: RHB Tommy Miller 0-0: Swinging Strike
0-1: Foul Ball, location: 2F
0-2: Ball
1-2: Fielders Choice at 2nd, 6-4 (Groundball, 56)
Pedro Ayala to third
Batting: LHB Dave Wilkinson 0-0: Ball
1-0: Ball
2-0: Called Strike
2-1: Called Strike
2-2: Ball
3-2: Foul Ball, location: 2F
3-2: Foul Ball, location: 2F
3-2: Strikes out swinging
Top of the 5th over - 1 run(s), 2 hit(s), 0 error(s), 2 left on base; Otsego HS 1 - Temiskaming District Secondary School 1
BOTTOM OF THE 5TH
Temiskaming District Secondary School Saints batting - Pitching for Otsego HS Bulldogs : RHP Kelly Hicks
Batting: RHB John Weber 0-0: Ball
1-0: Called Strike
1-1: Ball
2-1: Foul Ball, location: 2F
2-2: Ball
3-2: Strikes out swinging
Pitching: RHP Casey Scott
Batting: LHB Kevin McGee 0-0: Foul Ball, location: 2F
0-1: Ball
1-1: SOLO HOME RUN (Flyball, 9D), Distance : 400 ft
Batting: RHB José Icaza 0-0: Called Strike
0-1: Swinging Strike
0-2: Foul Ball, location: 2F
0-2: Ball
1-2: Strikes out swinging
Batting: RHB Beau McNeill 0-0: Ball
1-0: Foul Ball, location: 2F
1-1: Ball
2-1: Foul Ball, location: 2F
2-2: Foul Ball, location: 2F
2-2: Strikes out swinging
Bottom of the 5th over - 1 run(s), 1 hit(s), 0 error(s), 0 left on base; Otsego HS 1 - Temiskaming District Secondary School 2
TOP OF THE 6TH
Otsego HS Bulldogs batting - Pitching for Temiskaming District Secondary School Saints : RHP Tony Parker
Pitching: RHP Rickey Andrews
Batting: RHB Robbie Barnes 0-0: Foul Ball, location: 2F
0-1: Foul Ball, location: 2F
0-2: Foul Ball, location: 2F
0-2: Ball
1-2: Ball
2-2: Foul Ball, location: 2F
2-2: Ball
3-2: Base on Balls
Batting: RHB Sam Elder 0-0: Foul Ball, location: 2F
0-1: Foul Ball, location: 2F
0-2: Foul Ball, location: 2F
0-2: Ball
1-2: SINGLE (Line Drive, 5S)
Robbie Barnes to second
Batting: LHB Bill Poe 0-0: Fly out, F7 (Flyball, 7S)
Batting: RHB Tim Anderson 0-0: Called Strike
0-1: Foul Ball, location: 2F
0-2: Ball
1-2: Foul Ball, location: 2F
1-2: Strikes out swinging
Batting: RHB Pedro Ayala 0-0: Foul Ball, location: 2F
0-1: Ball
1-1: SINGLE (Line Drive, 7LM)
Robbie Barnes to third
Sam Elder to second
Runner from 3rd tries for Home, SAFE, no throw
Batting: RHB Michael Carr 0-0: Ball
1-0: Called Strike
1-1: Called Strike
1-2: Strikes out swinging
Top of the 6th over - 1 run(s), 2 hit(s), 0 error(s), 2 left on base; Otsego HS 2 - Temiskaming District Secondary School 2
BOTTOM OF THE 6TH
Temiskaming District Secondary School Saints batting - Pitching for Otsego HS Bulldogs : RHP Casey Scott
Batting: LHB Leonardo Torres 0-0: Called Strike
0-1: Foul Ball, location: 2F
0-2: Strikes out swinging
Batting: SHB Eric Silva 0-0: Ball
1-0: Foul Ball, location: 2F
1-1: Swinging Strike
1-2: Ball
2-2: Strikes out swinging
Batting: RHB Louis-Joseph Perrier 0-0: Ball
1-0: Foul Ball, location: 2F
1-1: DOUBLE (Line Drive, 89D)
Batting: LHB Carlos Músquez 0-0: Ball
1-0: Called Strike
1-1: Ball
2-1: Swinging Strike
2-2: Fly out, F9 (Flyball, 89M)
Bottom of the 6th over - 0 run(s), 1 hit(s), 0 error(s), 1 left on base; Otsego HS 2 - Temiskaming District Secondary School 2
TOP OF THE 7TH
Otsego HS Bulldogs batting - Pitching for Temiskaming District Secondary School Saints : RHP Rickey Andrews
Batting: RHB Dan Miller 0-0: Ball
1-0: Called Strike
1-1: Foul Ball, location: 2F
1-2: Hit by Pitch
Batting: RHB Tommy Miller 0-0: SINGLE (Line Drive, 78S)
Dan Miller to second
Batting: LHB Dave Wilkinson 0-0: Called Strike
0-1: Foul Ball, location: 2F
0-2: Grounds into double play, 3-6-3 (Groundball, 3)
Dan Miller to third
Batting: RHB Robbie Barnes 0-0: Ball
1-0: Ball
2-0: Called Strike
2-1: Ball
3-1: Base on Balls
Pitching: RHP Gerald Marshall
Batting: RHB Sam Elder 0-0: Swinging Strike
0-1: Ball
1-1: Swinging Strike
1-2: Strikes out swinging
Top of the 7th over - 0 run(s), 1 hit(s), 0 error(s), 2 left on base; Otsego HS 2 - Temiskaming District Secondary School 2
BOTTOM OF THE 7TH
Temiskaming District Secondary School Saints batting - Pitching for Otsego HS Bulldogs : RHP Casey Scott
Batting: RHB Walt Miller 0-0: Fly out, F8 (Flyball, 8LS)
Batting: RHB John Weber 0-0: Called Strike
0-1: Swinging Strike
0-2: Ground out 6-3 (Groundball, 6)
Batting: LHB Kevin McGee 0-0: SINGLE (Groundball, 34D)
Batting: RHB José Icaza 0-0: Ball
1-0: Called Strike
1-1: Ball
2-1: Swinging Strike
2-2: Ball
3-2: Ground out 5-3 (Groundball, 5S)
Bottom of the 7th over - 0 run(s), 1 hit(s), 0 error(s), 1 left on base; Otsego HS 2 - Temiskaming District Secondary School 2
TOP OF THE 8TH
Otsego HS Bulldogs batting - Pitching for Temiskaming District Secondary School Saints : RHP Gerald Marshall
Batting: LHB Bill Poe 0-0: Swinging Strike
0-1: Ball
1-1: Ball
2-1: Ball
3-1: Ground out 4-3 (Groundball, 4)
Batting: RHB Tim Anderson 0-0: SINGLE (Groundball, 6MD)
Batting: RHB Pedro Ayala 0-0: Called Strike
0-1: Ball
1-1: Called Strike
1-2: Ball
2-2: Strikes out swinging
Batting: RHB Michael Carr 0-0: Called Strike
0-1: Ball
1-1: Ball
2-1: Ball
3-1: Foul Ball, location: 2F
3-2: Base on Balls
Tim Anderson to second
Batting: RHB Dan Miller 0-0: Ground out 5-3 (Groundball, 5S)
Top of the 8th over - 0 run(s), 1 hit(s), 0 error(s), 2 left on base; Otsego HS 2 - Temiskaming District Secondary School 2
BOTTOM OF THE 8TH
Temiskaming District Secondary School Saints batting - Pitching for Otsego HS Bulldogs : RHP Casey Scott
Batting: RHB Beau McNeill 0-0: Ball
1-0: Ball
2-0: Called Strike
2-1: Ball
3-1: Ground out 6-3 (Groundball, 6)
Batting: LHB Leonardo Torres 0-0: Ball
1-0: Called Strike
1-1: Ball
2-1: Ball
3-1: Base on Balls
Batting: SHB Eric Silva 0-0: Foul Ball, location: 2F
0-1: Ball
1-1: Ball
2-1: Foul Ball, location: 2F
2-2: SINGLE (Line Drive, 4M)
Leonardo Torres to second
Pitching: RHP Artie Green
Batting: RHB Louis-Joseph Perrier 0-0: Swinging Strike
0-1: Ground out 4-3 (Groundball, 4S)
Leonardo Torres to third
Eric Silva to second
Batting: LHB Carlos Músquez 0-0: Fly out, F8 (Flyball, 8RM)
Bottom of the 8th over - 0 run(s), 1 hit(s), 0 error(s), 2 left on base; Otsego HS 2 - Temiskaming District Secondary School 2
TOP OF THE 9TH
Otsego HS Bulldogs batting - Pitching for Temiskaming District Secondary School Saints : RHP Gerald Marshall
Pitching: LHP Ron Howard
Batting: RHB Tommy Miller 0-0: Ball
1-0: Swinging Strike
1-1: Foul Ball, location: 2F
1-2: Foul Ball, location: 2F
1-2: Ball
2-2: Ball
3-2: Strikes out swinging
Batting: LHB Dave Wilkinson 0-0: Swinging Strike
0-1: Ball
1-1: Swinging Strike
1-2: Foul Ball, location: 2F
1-2: Strikes out swinging
Batting: RHB Robbie Barnes 0-0: Ball
1-0: Ball
2-0: Foul Ball, location: 2F
2-1: Called Strike
2-2: Ground out 5-3 (Groundball, 56)
Top of the 9th over - 0 run(s), 0 hit(s), 0 error(s), 0 left on base; Otsego HS 2 - Temiskaming District Secondary School 2
BOTTOM OF THE 9TH
Temiskaming District Secondary School Saints batting - Pitching for Otsego HS Bulldogs : RHP Artie Green
Batting: RHB Walt Miller 0-0: Foul Ball, location: 2F
0-1: Called Strike
0-2: Strikes out swinging
Batting: RHB John Weber 0-0: Foul Ball, location: 2F
0-1: SINGLE (Flyball, 89S)
Batting: LHB Kevin McGee 0-0: Called Strike
0-1: Ball
1-1: Foul Ball, location: 2F
1-2: Ball
2-2: Fly out, F8 (Flyball, 8LM)
Batting: RHB José Icaza 0-0: Ball
1-0: Called Strike
1-1: Called Strike
1-2: Foul Ball, location: 2F
1-2: Foul Ball, location: 2F
1-2: Ball
John Weber steals 2nd base
2-2: Ball
3-2: Foul Ball, location: 2F
3-2: Fly out, F7 (Line Drive, 7)
Bottom of the 9th over - 0 run(s), 1 hit(s), 0 error(s), 1 left on base; Otsego HS 2 - Temiskaming District Secondary School 2
TOP OF THE 10TH
Otsego HS Bulldogs batting - Pitching for Temiskaming District Secondary School Saints : LHP Ron Howard
Batting: RHB Sam Elder 0-0: Ball
1-0: Ball
2-0: Called Strike
2-1: Ball
3-1: Base on Balls
Batting: LHB Bill Poe 0-0: Foul Ball, location: 2F
0-1: Swinging Strike
0-2: Ball
1-2: Foul Ball, location: 2F
1-2: Strikes out looking
Batting: RHB Tim Anderson 0-0: Ball
1-0: Ball
2-0: Ball
3-0: Called Strike
3-1: Base on Balls
Sam Elder to second
Batting: RHB Pedro Ayala 0-0: Ball
1-0: Ball
2-0: Foul Ball, location: 2F
2-1: Foul Ball, location: 2F
2-2: Ball
3-2: Base on Balls
Sam Elder to third
Tim Anderson to second
Batting: RHB Michael Carr 0-0: SINGLE (Groundball, 4D)
Sam Elder scores
Tim Anderson to third
Pedro Ayala to second
Batting: RHB Dan Miller 0-0: Foul Ball, location: 2F
0-1: Ball
1-1: Ball
2-1: Fly out, F9 (Flyball, 9S)
Batting: RHB Tommy Miller 0-0: Ball
1-0: Foul Ball, location: 2F
1-1: Ball
2-1: Called Strike
2-2: Strikes out swinging
Top of the 10th over - 1 run(s), 1 hit(s), 0 error(s), 3 left on base; Otsego HS 3 - Temiskaming District Secondary School 2
BOTTOM OF THE 10TH
Temiskaming District Secondary School Saints batting - Pitching for Otsego HS Bulldogs : RHP Artie Green
Pitching: RHP Gavin Shnairson
Now at 2B: Miguel Vega
Now in LF: Mike Tate
Batting: RHB Beau McNeill 0-0: Swinging Strike
0-1: Swinging Strike
0-2: Strikes out swinging
Batting: LHB Leonardo Torres 0-0: Called Strike
0-1: Foul Ball, location: 2F
0-2: Strikes out swinging
Batting: SHB Eric Silva 0-0: Foul Ball, location: 2F
0-1: Ball
1-1: Foul Ball, location: 2F
1-2: Foul Ball, location: 2F
1-2: Ball
2-2: Strikes out swinging
Bottom of the 10th over - 0 run(s), 0 hit(s), 0 error(s), 0 left on base; Otsego HS 3 - Temiskaming District Secondary School 2
Thursday, March 30th, 2017 - OOTP Baseball 17.12 Build 75